Map: Green Acres

Players

Geka

  • Race: Terran Terran
  • Spawn Location: 1:00

Navarre

  • Race: Terran Terran
  • Spawn Location: 3:00

Bodock

  • Race: Protoss Protoss
  • Spawn Location: 12:00

Krasavchik

  • Race: Protoss Protoss
  • Spawn Location: 7:00

Magician

  • Race: Protoss Protoss
  • Spawn Location: 6:00

Gracz

  • Race: Zerg Zerg
  • Spawn Location: 9:00

VOD

Have the link to the VOD?

Description

Time

  • Played on: March 9, 2016, 2:33 p.m.
  • Length: 13:09
Show
View Real Time Build Order
Export as new Build Order

Geka Terran 

Build Orders:  

Get SALT Encoding   

  12  0:01  SCV  
  13  0:14  SCV  
  14  0:18  Supply Depot  
  14  0:26  SCV  
  15  0:40  SCV  
  16  0:47  Barracks  
  16  0:52  SCV  
  17  1:04  SCV  
  18  1:16  SCV  
  19  1:25  Refinery  
  19  1:30  Command Center  
  19  1:44  Marine  
  20  1:47  Bunker  
  20  1:52  Bunker  
  20  1:56  SCV  
  21  2:01  Engineering Bay  
  21  2:04  Marine  
  21  2:08  SCV  
  23  2:22  Barracks  
  23  2:33  Supply Depot  
  23  2:41  Refinery, SCV  
  24  2:48  Missile Turret  
  24  2:50  SCV  
  25  2:53  SCV  
  25  2:58  Marine  
  27  3:14  SCV x2  
  29  3:26  SCV x2  
  31  3:38  SCV x2  
  33  3:46  Building Armor  
  33  3:48  Factory  
  33  3:50  SCV  
  33  3:54  SCV  
  35  3:58  Refinery  
  35  4:01  Barracks Tech Lab  
  35  4:15  Barracks Tech Lab  
  35  4:32  SCV x2  
  35  4:35  Refinery  
  35  4:36  Factory Tech Lab  
  37  4:44  SCV x2  
  39  4:49  Command Center  
  39  4:56  Combat Shields  
  39  4:58  Starport  
  39  5:00  Marine  
  39  5:01  Marine  
  39  5:04  SCV x2  
  43  5:16  SCV  
  43  5:17  SCV  
  43  5:20  Marine  
  43  5:21  Supply Depot  
  46  5:26  Hi-Sec Auto Tracking  
  46  5:38  Starport  
  46  5:41  Armory  
  46  5:42  Marine  
  47  5:47  SCV x2  
  47  5:48  Armory  
  49  6:04  Orbital Command  
  49  6:05  Fusion Core  
  49  6:06  SCV  
  49  6:10  Siege Tank  
  53  6:12  Starport Tech Lab  
  53  6:17  Starport Tech Lab  
  53  6:23  Planetary Fortress  
  53  6:33  SCV  
  53  6:39  Starport  
  54  6:43  Missile Turret  
  54  6:45  SCV  
  55  7:03  Medivac  
  55  7:06  Missile Turret, Battlecruiser  
  63  7:14  Marine x2  
  65  7:17  SCV x2  
  65  7:20  Terran Ship Weapons Level 1  
  65  7:21  Terran Vehicle And Ship Armor Level 1  
  65  7:22  Weapon Refit  
  67  7:26  Starport Tech Lab  
  67  7:31  Planetary Fortress  
  67  7:32  Supply Depot  
  67  7:47  Supply Depot  
  67  7:53  Refinery, Siege Tank  
  70  8:09  Behemoth Reactor  
  70  8:18  SCV  
  71  8:24  Supply Depot  
  71  8:25  Supply Depot  
  71  8:30  SCV  
  72  8:37  Battlecruiser  
  78  8:42  SCV  
  78  8:45  Refinery  
  79  8:48  Supply Depot  
  79  8:54  SCV  
  80  8:58  Missile Turret  
  80  9:06  SCV  
  81  9:12  Battlecruiser  
  87  9:18  Missile Turret, Terran Vehicle And Ship Armor Level 2  
  87  9:23  Terran Ship Weapons Level 2  
  87  9:39  Missile Turret, Battlecruiser  
  93  9:51  SCV x3  
  96  9:54  Sensor Tower  
  96  9:58  Missile Turret  
  96  10:10  Battlecruiser  
  96  10:12  Siege Tank  
  105  10:14  Terran Infantry Weapons Level 1  
  105  10:17  Engineering Bay  
  105  10:19  Missile Turret  
  105  10:40  Missile Turret  
  105  10:44  Supply Depot x2  
  105  10:45  Supply Depot  
  105  10:48  Supply Depot  
  105  10:50  Supply Depot  
  105  11:06  Battlecruiser x2  
  117  11:24  Battlecruiser  
  123  11:30  Marine  
  123  11:31  Marine  
  125  11:48  Marine x2  
  127  12:06  Marine x2  
  127  12:08  Concussive Shells  
  135  12:24  Marine x2  
  137  12:41  Marine  
  137  12:42  Marine  
Show
View Real Time Build Order
Export as new Build Order

Navarre Terran 

Build Orders: MMM Bio 

Get SALT Encoding   

  12  0:51  SCV  
  13  1:00  Refinery  
  13  1:01  Supply Depot  
  13  1:03  SCV  
  14  1:10  Engineering Bay  
  14  1:15  SCV  
  15  1:27  SCV  
  16  1:38  Barracks  
  16  1:39  SCV  
  17  1:51  SCV  
  18  1:57  Command Center  
  18  2:03  SCV  
  20  2:15  SCV  
  20  2:27  Barracks Tech Lab, SCV  
  20  2:28  Barracks  
  21  2:39  SCV  
  22  2:46  Supply Depot  
  22  2:50  Marine  
  23  3:08  Marine, SCV  
  25  3:13  Missile Turret  
  25  3:20  SCV  
  26  3:32  SCV  
  27  3:37  Barracks Reactor  
  27  3:42  Factory  
  27  3:47  SCV  
  28  3:51  Orbital Command  
  28  3:55  Refinery  
  28  3:59  SCV  
  29  4:08  Missile Turret  
  29  4:11  SCV  
  30  4:17  Marine x2  
  30  4:23  SCV  
  33  4:35  Marine x2, SCV  
  36  4:47  SCV  
  36  4:50  Marauder  
  36  4:52  Factory Tech Lab  
  39  4:53  Marine x2  
  39  4:56  Starport  
  41  5:05  Stimpack  
  41  5:11  Marine x2, Marauder  
  45  5:17  Orbital Command  
  45  5:28  Marine  
  45  5:33  Refinery  
  46  5:41  Supply Depot  
  46  6:02  Marine x2, Widow Mine  
  46  6:03  SCV, Marauder  
  53  6:06  Supply Depot  
  53  6:15  SCV  
  54  6:27  Marine x2, Medivac, SCV, Marauder  
  54  6:28  Supply Depot  
  61  6:32  Refinery  
  61  6:39  SCV  
  62  6:49  Widow Mine  
  62  6:50  Marine x2, Marauder  
  62  6:51  SCV  
  69  6:55  Missile Turret  
  69  6:56  Supply Depot  
  69  7:02  Medivac  
  69  7:06  Combat Shields  
  69  7:08  Marine x2  
  73  7:18  Widow Mine  
  73  7:19  Supply Depot  
  76  7:30  Marine  
  76  7:32  Medivac  
  76  7:33  Marine x2  
  80  7:47  Widow Mine  
  80  7:49  Marauder  
  84  7:51  Marine x2  
  86  8:02  Medivac  
  88  8:09  Marine x2  
  88  8:10  Marauder  
  92  8:24  Concussive Shells  
  92  8:27  Marine x2  
  94  9:05  Medivac  
  94  9:06  Marauder  
  94  9:09  Siege Tank  
  91  9:28  Marauder  
  93  9:48  Siege Tank  
  76  10:19  Marauder  
  76  10:20  Siege Tank  
  76  10:21  Marine x2  
  81  10:25  Medivac  
  85  10:32  Barracks  
  85  10:37  Supply Depot  
  85  10:39  Marine x2  
  85  10:41  Marauder  
  89  10:55  Medivac  
  89  10:57  Marine x2  
  91  11:00  Supply Depot  
  91  11:02  Marauder  
  95  11:14  Marine x2  
  97  11:23  Marauder  
  97  11:25  Medivac  
  101  11:33  Marine  
  101  11:34  Marine  
  101  11:36  Barracks Reactor  
  101  11:39  Armory  
  103  11:45  Marauder  
  105  11:51  Marine x2  
  105  11:53  Command Center  
  107  11:55  Medivac  
  109  12:09  Marine  
  110  12:21  Marine  
Show
View Real Time Build Order
Export as new Build Order

Bodock Protoss 

Build Orders: Phoenix Opening 

Get SALT Encoding   

  12  0:01  Probe (Chrono Boost)  
  13  0:12  Probe (Chrono Boost)  
  14  0:18  Pylon  
  14  0:22  Probe (Chrono Boost)  
  15  0:33  Assimilator  
  15  0:41  Gateway  
  15  0:44  Probe (Chrono Boost)  
  16  0:54  Probe (Chrono Boost)  
  17  0:59  Assimilator  
  17  1:05  Probe (Chrono Boost)  
  18  1:12  Pylon  
  18  1:15  Probe (Chrono Boost)  
  19  1:26  Probe (Chrono Boost)  
  19  1:29  Cybernetics Core  
  20  1:36  Probe (Chrono Boost)  
  21  1:47  Probe (Chrono Boost)  
  22  1:58  Probe (Chrono Boost)  
  23  2:07  Stargate  
  23  2:11  Probe (Chrono Boost)  
  24  2:21  Probe (Chrono Boost)  
  25  2:23  Warp Gate  
  25  2:31  Forge  
  25  2:32  Probe (Chrono Boost)  
  25  2:36  Stalker  
  28  2:43  Mothership Core (Chrono Boost)  
  30  2:55  Nexus  
  30  3:29  Probe (Chrono Boost)  
  31  3:34  Pylon  
  31  3:52  Photon Cannon, Phoenix  
  33  3:57  Pylon  
  33  4:04  Probe (Chrono Boost)  
  34  4:14  Probe (Chrono Boost)  
  35  4:17  Phoenix  
  35  4:22  Protoss Ground Weapons Level 1  
  37  4:25  Probe (Chrono Boost)  
  37  4:31  Gateway  
  38  4:33  Pylon  
  38  4:35  Probe (Chrono Boost)  
  38  4:37  Pylon  
  39  4:42  Phoenix  
  41  4:46  Pylon  
  41  4:47  Pylon  
  41  4:55  Probe (Chrono Boost)  
  41  4:56  Pylon  
  41  4:57  Assimilator  
  42  5:00  Assimilator, Probe (Chrono Boost)  
  42  5:06  Probe (Chrono Boost)  
  44  5:09  Phoenix  
  44  5:11  Probe (Chrono Boost)  
  48  5:21  Probe (Chrono Boost)  
  48  5:32  Probe (Chrono Boost)  
  49  5:37  Phoenix  
  49  5:42  Probe (Chrono Boost)  
  52  5:52  Pylon  
  52  5:53  Probe (Chrono Boost)  
  53  5:57  Gateway  
  53  6:02  Phoenix (Chrono Boost)  
  53  6:03  Probe (Chrono Boost)  
  56  6:04  Twilight Council  
  56  6:05  Pylon  
  56  6:09  Probe (Chrono Boost)  
  57  6:13  Probe (Chrono Boost)  
  57  6:18  Protoss Ground Armor Level 1  
  58  6:20  Probe  
  58  6:23  Probe  
  60  6:26  Phoenix (Chrono Boost)  
  62  6:33  Probe  
  63  6:42  Blink (Chrono Boost)  
  63  6:44  Probe  
  64  6:50  Gateway x2, Phoenix  
  64  6:53  Pylon  
  66  7:10  Photon Cannon  
  66  7:22  Pylon  
  66  7:24  Photon Cannon  
  66  7:28  Zealot  
  64  8:50  Protoss Ground Armor Level 2  
  64  8:57  Robotics Facility x2  
  56  10:12  Robotics Bay  
  56  10:14  Pylon  
  56  10:28  Stalker x3  
  58  10:29  Stalker x2  
  58  10:32  Probe  
  67  10:54  Immortal x2 (Chrono Boost)  
  67  10:55  Nexus  
  75  10:57  Stalker  
  75  10:58  Pylon, Stalker x2  
  75  10:59  Stalker x2  
  75  11:01  Pylon  
  75  11:03  Extended Thermal Lance  
  85  11:06  Pylon  
  85  11:14  Charge  
  85  11:30  Colossus x2 (Chrono Boost)  
  97  11:36  Stalker x2  
  97  11:37  Stalker  
  97  11:39  Stalker  
  105  12:16  Colossus x2 (Chrono Boost)  
  105  12:20  Probe  
  118  12:26  Assimilator  
  118  12:31  Assimilator, Probe  
  118  12:32  Stalker x4  
  118  12:33  Stalker  
Show
View Real Time Build Order
Export as new Build Order

Krasavchik Protoss 

Build Orders: Double Forge, Blink Stalkers 

Get SALT Encoding   

  12  0:02  Probe (Chrono Boost)  
  13  0:14  Pylon  
  13  0:18  Probe (Chrono Boost)  
  15  0:28  Probe (Chrono Boost)  
  15  0:29  Assimilator  
  15  0:41  Gateway  
  15  0:46  Probe (Chrono Boost)  
  17  0:57  Probe (Chrono Boost)  
  18  1:11  Probe (Chrono Boost)  
  18  1:12  Gateway  
  18  1:21  Probe (Chrono Boost)  
  19  1:26  Assimilator  
  19  1:32  Probe (Chrono Boost)  
  20  1:34  Pylon  
  20  1:42  Pylon  
  20  1:48  Probe (Chrono Boost)  
  21  1:58  Probe (Chrono Boost)  
  21  2:00  Cybernetics Core  
  22  2:09  Probe (Chrono Boost)  
  22  2:13  Forge  
  23  2:23  Forge  
  23  2:37  Warp Gate (Chrono Boost)  
  23  2:43  Twilight Council  
  23  2:53  Protoss Ground Weapons Level 1  
  23  2:56  Protoss Ground Armor Level 1  
  23  3:14  Gateway  
  23  3:19  Gateway  
  23  3:42  Blink (Chrono Boost)  
  23  3:53  Gateway  
  23  3:59  Gateway  
  23  4:00  Gateway  
  23  4:09  Pylon  
  23  4:15  Pylon  
  23  4:16  Pylon  
  23  4:53  Protoss Ground Weapons Level 2 (Chrono Boost)  
  23  5:14  Protoss Ground Armor Level 2 (Chrono Boost)  
  23  5:23  Stalker x3  
  23  5:24  Stalker x3  
  23  5:26  Stalker  
  37  5:54  Pylon  
  37  6:01  Nexus  
  37  6:08  Pylon  
  37  6:36  Stalker x2  
  37  6:37  Stalker  
  43  6:53  Photon Cannon  
  43  6:55  Photon Cannon  
  43  7:08  Protoss Ground Weapons Level 3 (Chrono Boost)  
  43  7:22  Protoss Ground Armor Level 3 (Chrono Boost)  
  43  7:24  Probe  
  44  7:51  Stalker x2  
  44  7:52  Stalker  
  50  8:19  Stalker x3  
  56  8:40  Pylon  
  56  8:42  Probe  
  57  8:54  Probe  
  58  9:05  Photon Cannon  
  58  9:06  Probe  
  58  9:07  Photon Cannon  
  59  9:18  Probe  
  59  9:19  Probe  
  61  9:30  Probe  
  62  9:33  Protoss Shields Level 1 (Chrono Boost)  
  60  9:44  Probe  
  61  9:56  Probe  
  62  10:12  Probe  
  63  10:15  Assimilator  
  63  10:24  Stalker x7, Probe  
  78  10:38  Pylon  
  78  10:46  Probe  
  79  10:51  Stalker x2  
  79  10:53  Stalker  
  79  10:54  Stalker  
  87  10:59  Probe  
  88  11:11  Probe  
  89  11:26  Stalker x3  
  89  11:27  Stalker  
  97  11:55  Stalker x3  
  97  11:56  Stalker x2  
  97  11:58  Stalker  
  109  12:03  Pylon  
  109  12:10  Assimilator  
  109  12:43  Photon Cannon  
  109  12:46  Photon Cannon  
  109  12:51  Photon Cannon  
  109  12:54  Pylon  
  109  13:01  Stalker x3  
  109  13:03  Stalker  
Show
View Real Time Build Order
Export as new Build Order

Magician Protoss 

Build Orders:  

Get SALT Encoding   

  12  0:03  Probe (Chrono Boost)  
  13  0:14  Probe (Chrono Boost)  
  14  0:24  Probe (Chrono Boost)  
  15  0:31  Pylon  
  15  0:51  Pylon  
  15  0:55  Probe (Chrono Boost)  
  16  1:05  Probe (Chrono Boost)  
  17  1:12  Gateway  
  17  1:15  Forge  
  17  1:16  Probe (Chrono Boost)  
  18  1:27  Probe (Chrono Boost)  
  19  1:33  Assimilator  
  19  1:36  Assimilator  
  19  1:37  Probe (Chrono Boost)  
  20  1:48  Probe (Chrono Boost)  
  21  1:58  Probe (Chrono Boost)  
  22  2:08  Cybernetics Core  
  22  2:15  Photon Cannon  
  22  2:24  Pylon  
  22  2:31  Photon Cannon  
  22  2:53  Photon Cannon  
  22  2:55  Stargate  
  22  3:09  Stargate  
  22  3:14  Pylon  
  22  3:24  Twilight Council  
  22  3:32  Probe (Chrono Boost)  
  23  3:37  Nexus  
  23  3:41  Photon Cannon  
  23  3:52  Pylon  
  23  4:07  Pylon  
  23  4:12  Photon Cannon  
  23  4:14  Photon Cannon  
  23  4:31  Gateway  
  23  4:32  Gateway  
  23  4:39  Gateway  
  23  4:52  Blink (Chrono Boost)  
  23  5:03  Probe  
  24  5:12  Assimilator  
  24  5:14  Probe  
  25  5:24  Probe  
  26  5:29  Stalker  
  26  5:30  Stalker  
  26  5:32  Stalker  
  26  5:35  Probe  
  33  5:45  Probe  
  34  5:50  Pylon  
  34  5:56  Probe  
  35  6:06  Probe  
  35  6:08  Assimilator  
  35  6:10  Stalker  
  38  6:11  Stalker  
  38  6:12  Stalker  
  38  6:17  Probe  
  43  6:27  Probe  
  43  6:29  Pylon  
  44  6:36  Photon Cannon  
  44  6:37  Protoss Shields Level 1 (Chrono Boost)  
  44  6:44  Stalker  
  44  6:45  Stalker  
  48  7:00  Probe  
  48  7:01  Photon Cannon  
  48  7:08  Stalker  
  51  7:11  Probe  
  52  7:21  Probe  
  52  7:23  Stalker  
  52  7:25  Stalker  
  57  7:32  Probe  
  58  7:38  Stalker  
  58  7:42  Probe  
  60  7:50  Pylon  
  61  7:53  Probe  
  61  7:54  Pylon  
  62  8:03  Probe  
  63  8:08  Photon Cannon  
  63  8:12  Pylon  
  63  8:17  Stalker x2  
  63  8:19  Stalker  
  69  8:23  Photon Cannon  
  69  8:30  Protoss Ground Weapons Level 1 (Chrono Boost)  
  69  8:47  Stalker x2  
  73  8:49  Stalker  
  73  8:52  Robotics Facility  
  75  9:00  Dark Shrine  
  75  9:02  Photon Cannon  
  75  9:13  Pylon  
  75  9:23  Photon Cannon  
  75  9:24  Stalker  
  75  9:25  Stalker x2  
  81  9:53  Void Ray x2  
  89  10:07  Protoss Shields Level 2 (Chrono Boost)  
  89  10:15  Stalker x2  
  89  10:16  Stalker  
  95  10:32  Observer (Chrono Boost)  
  96  10:45  Stalker x2, Dark Templar  
  96  10:46  Stalker  
  104  10:52  Observer (Chrono Boost)  
  105  11:05  Void Ray x2  
  113  11:53  Void Ray x2  
  121  12:10  Stalker  
  121  12:11  Stalker  
  125  12:32  Stalker  
Show
View Real Time Build Order
Export as new Build Order

Gracz Zerg 

Build Orders: Pool First 

Get SALT Encoding   

  12  0:12  Drone x2  
  14  0:17  Overlord  
  14  0:46  Spawning Pool, Drone x2  
  14  0:47  Extractor  
  14  0:48  Drone  
  15  1:05  Drone  
  16  1:14  Drone  
  17  1:38  Zergling x4  
  17  1:39  Queen  
  21  1:53  Zergling x2  
  22  1:54  Overlord  
  22  2:16  Zergling x4  
  22  2:21  Metabolic Boost  
  24  2:57  Overlord  
  24  3:03  Queen  
  24  3:05  Drone  
  27  3:06  Zergling x6  
  25  3:41  Drone x2  
  25  3:42  Drone x2  
  29  3:48  Extractor  
  28  3:57  Hatchery  
  27  4:08  Lair  
  27  4:16  Evolution Chamber  
  26  4:22  Roach Warren  
  25  4:25  Baneling Nest  
  24  4:47  Overlord x2  
  24  5:08  Centrifical Hooks  
  24  5:09  Glial Reconstitution  
  24  5:15  Drone x2  
  24  5:16  Roach  
  24  5:17  Roach x4  
  36  5:22  Drone x2  
  36  5:23  Queen  
  36  5:26  Queen  
  42  5:33  Roach x3  
  48  5:47  Drone x2  
  48  5:49  Drone x2  
  52  5:59  Burrow  
  52  6:06  Drone x2  
  52  6:07  Extractor  
  53  6:14  Drone x2  
  55  6:40  Drone  
  55  6:41  Drone x2  
  55  6:43  Drone  
  55  6:44  Extractor  
  58  7:02  Zerg Ground Armor Level 1  
  58  7:03  Tunneling Claws  
  58  7:06  Drone x2  
  60  7:14  Overlord  
  60  7:15  Overlord  
  60  7:25  Hydralisk Den  
  59  7:32  Infestation Pit  
  47  8:24  Hydralisk  
  47  8:25  Hydralisk x3  
  20  9:20  Hydralisk x3  
  20  9:22  Hydralisk x2  
  27  9:25  Zergling x16  
  27  9:26  Zergling x6  
  36  9:37  Drone  
  33  10:04  Hydralisk x4  
  41  10:46  Hatchery  
  39  11:39  Lair  
  39  11:45  Muscular Augments  
  39  11:47  Neural Parasite  
  39  11:59  Drone  
  40  12:41  Drone x5  
  40  12:43  Drone  
Tags
 
Add a new tag
Caveats
  • Supply blocks, unpowered buildings, or Contaminate may cause inaccurate times.
  • Supply counts are checked every 10 seconds.